 Dungeon Crawl Stone Soup version 0.24-a0-715-g0b739ee41d (webtiles) character file.

Game seed: 7753151048318815816, levelgen mode: deterministic

2 Peloso the Sneak (level 1, 0/20 HPs)
             Began as a Gnoll Assassin on Sept 30, 2019.
             Slain by an adder (3 damage)
             ... on level 3 of the Dungeon.
             The game lasted 00:00:43 (134 turns).

Peloso the Sneak (Gnoll Assassin)                    Turns: 134, Time: 00:00:43

Health: 0/20       AC:  3    Str: 13    XL:     1   Next: 40%
Magic:  1/1        EV: 13    Int: 13    God:
Gold:   13         SH:  0    Dex: 16    Spells: 0/0 levels left

rFire    . . .     SeeInvis .   a - +2 dagger
rCold    . . .     Gourm    .   (no shield)
rNeg     . . .     Faith    .   b - +0 robe
rPois    .         Spirit   .   (no helmet)
rElec    .         Reflect  .   c - +0 cloak
rCorr    .         Harm     .   (no gloves)
MR       .....                  (no boots)
Stlth    ++++......             (no amulet)
HPRegen  0.06/turn              (no ring)
MPRegen  0.07/turn              (no ring)

@: lethally poisoned (0 -> -3)
A: distributed training, fangs 1, strong nose
a: no special abilities


You were on level 3 of the Dungeon.
You were not hungry.

You visited 1 branch of the dungeon, and saw 3 of its levels.

You collected 13 gold pieces.

Inventory:

Hand Weapons
 a - a +2 dagger (weapon)
Missiles
 d - 8 poisoned darts (quivered)
 e - 2 curare-tipped darts
Armour
 b - a +0 robe (worn)
 c - a +0 cloak (worn)
Scrolls
 g - a scroll of immolation {unknown}
 h - a scroll of enchant armour {unknown}
Comestibles
 f - a ration


   Skills:
 + Level 4.4 Fighting
 + Level 4.4 Short Blades
 + Level 0.0 Long Blades
 + Level 0.0 Axes
 + Level 0.0 Maces & Flails
 + Level 0.0 Polearms
 + Level 0.0 Staves
 + Level 0.0 Slings
 + Level 0.0 Bows
 + Level 0.0 Crossbows
 + Level 4.4 Throwing
 + Level 0.0 Armour
 + Level 2.3 Dodging
 + Level 7.7 Stealth
 + Level 0.0 Shields
 + Level 0.0 Unarmed Combat
 + Level 0.0 Spellcasting
 + Level 0.0 Conjurations
 + Level 0.0 Hexes
 + Level 0.0 Charms
 + Level 0.0 Summonings
 + Level 0.0 Necromancy
 + Level 0.0 Translocations
 + Level 0.0 Transmutations
 + Level 0.0 Fire Magic
 + Level 0.0 Ice Magic
 + Level 0.0 Air Magic
 + Level 0.0 Earth Magic
 + Level 0.0 Poison Magic
 + Level 0.1 Invocations
 + Level 0.0 Evocations


You couldn't memorise any spells.
You didn't know any spells.
Your spell library was empty.

Dungeon Overview and Level Annotations

Branches:
Dungeon (3/15)

Altars:


Innate Abilities, Weirdness & Mutations

Your experience applies equally to all skills.
You have very sharp teeth.
Your uncanny sense of smell can sniff out nearby items.


Message History

The adder bites you.
You are poisoned.
The adder poisons you!
You barely miss the adder. You bite the adder.
The adder is lightly wounded.
You feel sick. The jackal barely misses you. The adder bites you.
The adder barely misses you. The jackal completely misses you.
The adder bites you.
* * * LOW HITPOINT WARNING * * *
The adder closely misses you.
The jackal bites you but does no damage.
* * * LOW HITPOINT WARNING * * *
You feel sick. The adder barely misses you. The adder closely misses you.
The jackal closely misses you. The adder misses you.
The adder barely misses you.
A rat comes into view.
The jackal closely misses you. The adder closely misses you.
The adder barely misses you. The jackal closely misses you.
The adder bites you.
You die...

##.## .#
#####...# .#
.......##.#
#........#
#........#
#.......####
#..S.....#
#..@# ##Sh#
#..####.##
#......... #
##.####.##
#.##.##%....∆
#...r...#
####.#### #.#


You could see 2 adders, a jackal and a rat (wandering).

Vanquished Creatures
  A jackal (D:3)
  2 rats (D:1)
3 creatures vanquished.

Notes
Turn   | Place    | Note
-------+----------+-------------------------------------------
     0 | D:1      | Peloso the Gnoll Assassin began the quest for the Orb.
     0 | D:1      | Reached XP level 1. HP: 20/20 MP: 1/1
   134 | D:3      | Slain by an adder

Levels and vault maps discovered:
D:1:      psy_arrival_heroes, layout_basic
D:2:      layout_rooms, old_standard_altar, gammafunk_temple_overflow_elements,
          first_ration, solitary_fountain
D:3:      layout_loops_ring, nicolae_gozag_cash_rules_everything_around_me

Action                   || total
-------------------------++-------
Melee: Dagger            ||     6
       Bite              ||     1
 Stab: Sleeping          ||     1
Armor: Robe              ||     3
Dodge: Dodged            ||    24

Table legend:
 A = Non-vault XP
 B = Vault XP
 C = Vault XP percentage of total XP
 D = Non-vault monster count
 E = Vault monster count
 F = Vault count percentage of total count
                 A         B        C        D         E       F
            +---------+---------+-------+---------+---------+-------
      Total |       4 |       0 |   0.0 |       3 |       0 |   0.0
            +---------+---------+-------+---------+---------+-------
        D:1 |       2 |       0 |   0.0 |       2 |       0 |   0.0
        D:3 |       2 |       0 |   0.0 |       1 |       0 |   0.0
            +---------+---------+-------+---------+---------+-------
